[Event "Team 45 45 League T38"]
[Site "Internet Chess Club"]
[Date "2008.08.06"]
[Round "2"]
[White "Shereshevsky"]
[Black "AlPearson"]
[Result "1-0"]
[WhiteElo "1612"]
[BlackElo "1438"]
[Opening "King's Indian: Sämisch, 5...O-O"]
[ECO "E81"]
[Time "20:31:31"]
[TimeControl "2700+45"]

1. d4 Nf6 2. c4 g6 3. Nc3 Bg7 4. e4 d6 5. f3 O-O 6. Be3 c5 7. d5 e6 8. Qd2 exd5
9. Nxd5 Nxd5 10. cxd5 Qf6 11. Rb1 a6 12. Bd3 b5 13. Bg5 Qe5 14. f4 Qe8 15. b3 f5
16. Qe2 Bc3+ 17. Kf1 fxe4 18. Bxe4 Bf5 19. Bxf5 Qxe2+ 20. Nxe2 Rxf5 21. Nxc3 h6
22. Bxh6 Nd7 23. Re1 Ne5 24. Ne4 Nd3 25. Re3 Nxf4 26. Bxf4 Rxf4+ 27. Ke2 Raf8
28. Rc1 Kg7 29. g3 R4f5 30. Nxd6 Rxd5 31. Re7+ Kh6 32. Re6 Rd8 33. Nf7+ Kh5 34.
Nxd8 Rxd8 35. Rxc5+ Kh6 36. Rcc6 Rg8 37. Rxa6 Rc8 38. Rxg6+ Kh7 39. Rgc6 Re8+
40. Re6 Rd8 41. Rab6 Rc8 42. Rxb5 Kg7 43. Ra6 Rd8 44. Rb7+ Kf8 45. Raa7 Kg8 46.
Kf3 Kf8 47. Ke4 Kg8 48. Kf5 Kf8 49. h4 Kg8 50. g4 {Black resigns} 1-0

[Event "Team 45 45 League T38"]
[Site "Internet Chess Club"]
[Date "2008.08.02"]
[Round "2"]
[White "Zyme"]
[Black "PANAMA-REY"]
[Result "1-0"]
[WhiteElo "1379"]
[BlackElo "1489"]
[Opening "QGD Slav: 3.Nf3"]
[ECO "D11"]
[Time "22:02:10"]
[TimeControl "2700+45"]

1. d4 d5 2. c4 c6 3. Nf3 h6 4. Nc3 Nf6 5. Bf4 Nbd7 6. h3 e6 7. e3 Nb6 8. b3 Be7
9. Qc2 Nh7 10. Rc1 Ng5 11. Nxg5 Bxg5 12. Bxg5 Qxg5 13. Ne2 O-O 14. Ng3 e5 15.
dxe5 Qxe5 16. c5 Nd7 17. Qc3 Qe7 18. Bd3 Ne5 19. Bb1 f5 20. O-O Bd7 21. Rfd1
Rae8 22. Rd4 Qg5 23. Kh2 f4 24. exf4 Rxf4 25. Rxf4 Qxf4 26. Kg1 Rf8 27. Rf1 Qf6
28. Qc2 g6 29. f4 Bf5 30. Nxf5 Qf7 31. Nxh6+ {Black resigns} 1-0

[Event "Team 45 45 League T38"]
[Site "Internet Chess Club"]
[Date "2008.08.04"]
[Round "2"]
[White "jacknor"]
[Black "tourettes"]
[Result "1-0"]
[WhiteElo "1638"]
[BlackElo "1670"]
[Opening "Sicilian: closed"]
[ECO "B23"]
[Time "13:01:40"]
[TimeControl "2700+45"]

1. e4 c5 2. Nc3 d6 3. f4 Nc6 4. Bb5 Bd7 5. Nf3 e6 6. O-O Be7 7. d4 cxd4 8. Nxd4
Nf6 9. Bxc6 bxc6 10. e5 Nd5 11. exd6 Bxd6 12. Ne4 Qc7 13. Nxd6+ Qxd6 14. c4 Nf6
15. Nf3 Qc5+ 16. Kh1 O-O 17. b3 Rfd8 18. Bb2 Ng4 19. Qd4 Qf8 20. Qe4 Nf6 21. Qc2
c5 22. Ng5 Qe7 23. Bxf6 Qxf6 24. Qxh7+ Kf8 25. Ne4 Qb2 26. Rfb1 Qe2 27. Ng3 Qf2
28. Rf1 Qb2 29. Qb1 Qf6 30. f5 e5 31. Ne4 Qh6 32. f6 Bc6 33. fxg7+ Qxg7 34. Qe1
Rd4 35. Ng3 Rad8 36. Rf2 Rf4 37. Qe3 Rdd4 38. Raf1 Qg4 39. Kg1 Rxf2 40. Qxf2 Rf4
41. Qxc5+ Kg8 42. Qxc6 Rxf1+ 43. Nxf1 Qd4+ 44. Kh1 Qf2 45. Qf3 {Black resigns}
1-0

[Event "Team 45 45 League T38"]
[Site "Internet Chess Club"]
[Date "2008.08.01"]
[Round "2"]
[White "quotha"]
[Black "Fogbound"]
[Result "1-0"]
[WhiteElo "1636"]
[BlackElo "1308"]
[Opening "Dunst (Sleipner, Heinrichsen) opening"]
[ECO "A00"]
[Time "14:56:55"]
[TimeControl "2700+45"]

1. Nc3 Nc6 2. d4 e6 3. Nf3 Bb4 4. Bd2 Bxc3 5. Bxc3 d6 6. e4 a6 7. d5 Ne5 8. Nxe5
dxe5 9. Bxe5 f6 10. Bc3 exd5 11. Qh5+ g6 12. Qxd5 Qxd5 13. exd5 Bd7 14. Bc4
O-O-O 15. O-O Bb5 16. Bxb5 axb5 17. Rad1 Rd6 18. Rfe1 Nh6 19. Re6 Rxe6 20. dxe6
Re8 21. Bxf6 Ng4 22. Bh4 Nh6 23. Bg5 Nf5 24. Rd7 h6 25. Bf6 b6 26. g4 Rxe6 27.
Rd8+ Kb7 28. Rf8 Nd6 29. Bg7 h5 30. gxh5 gxh5 31. Rf6 Re1+ 32. Kg2 Ne4 33. Rf5
Re2 34. Kf3 Re1 35. Bd4 Nd2+ 36. Kg2 h4 37. Rxb5 Re4 38. Be3 Nc4 39. Kf3 Re5 40.
Rxe5 Nxe5+ 41. Ke4 Ng4 42. h3 Nh2 43. Bg5 Nf1 44. f4 Nd2+ 45. Kd3 Nf3 46. Ke3
Ne1 47. c3 b5 48. f5 c5 49. f6 c4 50. f7 Nc2+ 51. Ke4 Ne1 52. f8=Q Nd3 53. Qe7+
Kc6 54. Be3 b4 55. cxb4 c3 56. Kxd3 cxb2 57. Kc2 b1=Q+ 58. Kxb1 Kb5 59. Qc5+ Ka4
60. Qa5# {Black checkmated} 1-0

[Event "Team 45 45 League T38"]
[Site "Internet Chess Club"]
[Date "2008.08.01"]
[Round "2"]
[White "toadwarble"]
[Black "alaskauk"]
[Result "1/2-1/2"]
[WhiteElo "1179"]
[BlackElo "1468"]
[Opening "QGD Slav: 4.e3 Bf5"]
[ECO "D12"]
[Time "14:59:43"]
[TimeControl "2700+45"]

1. d4 c6 2. c4 d5 3. Nf3 Nf6 4. e3 Bf5 5. Be2 g6 6. O-O Bg7 7. cxd5 cxd5 8. Nc3
O-O 9. b3 a6 10. Bb2 Ne4 11. Nxe4 Bxe4 12. Ng5 Bf5 13. Bg4 Qd7 14. Bxf5 Qxf5 15.
Nf3 Nc6 16. Rc1 Rac8 17. Ba3 Bf6 18. Re1 Rc7 19. Nd2 Bg5 20. Qf3 Qxf3 21. Nxf3
Bf6 22. Ne5 Bxe5 23. dxe5 Rfc8 24. f4 Kf8 25. Red1 Rd8 26. Bc5 Rdd7 27. Bb6 Rc8
28. Rc5 e6 29. g4 Ne7 30. e4 Rxc5 31. Bxc5 d4 32. Rxd4 Rxd4 33. Bxd4 Nc6 34. Bb2
Ke7 35. f5 Kd7 36. Kg2 Nb4 37. a4 b5 38. axb5 axb5 39. Kg3 Kc6 40. h4 gxf5 41.
exf5 exf5 42. gxf5 Kd5 43. Kg4 Nd3 44. Bc3 Nxe5+ 45. Bxe5 Kxe5 46. Kg5 h5 47.
Kxh5 {Game drawn by mutual agreement} 1/2-1/2

[Event "Team 45 45 League T38"]
[Site "Internet Chess Club"]
[Date "2008.08.01"]
[Round "2"]
[White "ErycC"]
[Black "Tjet"]
[Result "1/2-1/2"]
[WhiteElo "1510"]
[BlackElo "1597"]
[Opening "Bird's opening"]
[ECO "A03"]
[Time "22:00:49"]
[TimeControl "2700+45"]

1. f4 d5 2. Nf3 c6 3. e3 Bg4 4. Be2 Bxf3 5. Bxf3 e6 6. O-O g6 7. d4 Bg7 8. Qd3
Nf6 9. Nd2 O-O 10. Nb3 b6 11. Bd2 a5 12. Nc1 Ra7 13. Ne2 Na6 14. a3 Qc7 15. Rac1
c5 16. c4 Rc8 17. b3 Qd6 18. Nc3 Nc7 19. dxc5 bxc5 20. cxd5 exd5 21. e4 Qa6 22.
Qxa6 Rxa6 23. e5 Nd7 24. Bxd5 Nxd5 25. Nxd5 Bf8 26. Rf3 c4 27. Rxc4 Rxc4 28.
bxc4 Bc5+ 29. Kf1 a4 30. Bb4 Bxb4 31. Nxb4 Ra7 32. Rd3 Nc5 33. Rd5 Rc7 34. Rd6
Ne6 35. Nc6 Nxf4 36. Kf2 Ne6 37. Nd4 Rxc4 38. Nxe6 fxe6 39. Rxe6 Rc3 40. Rd6 Kf8
41. Rd2 Rxa3 {Game drawn by mutual agreement} 1/2-1/2

[Event "Team 45 45 League T38"]
[Site "Internet Chess Club"]
[Date "2008.08.04"]
[Round "2"]
[White "BarryNL"]
[Black "EyeAm"]
[Result "1-0"]
[WhiteElo "1524"]
[BlackElo "1427"]
[Opening "Petrov: Italian variation"]
[ECO "C42"]
[Time "14:00:36"]
[TimeControl "2700+45"]

1. e4 e5 2. Nf3 Nf6 3. Bc4 Nxe4 4. Qe2 d5 5. Bb3 Nc6 6. d3 Nc5 7. Nxe5 Nd4 8.
Qd2 Ncxb3 9. axb3 Bd6 10. Nf3 Nxf3+ 11. gxf3 O-O 12. Qg5 Re8+ 13. Kd1 Be7 14.
Qg2 Bf5 15. Rg1 g6 16. Bh6 c5 17. Nc3 c4 18. bxc4 dxc4 19. Qg3 Qd4 20. Qf4 Qxf4
21. Bxf4 cxd3 22. cxd3 Bxd3 23. Nd5 Rad8 24. Nxe7+ Rxe7 25. Bg5 Be2+ 26. Ke1
Ree8 27. Bxd8 Bxf3+ 28. Kd2 Rxd8+ 29. Ke3 Bh5 30. Rxa7 Rd7 31. f3 Re7+ 32. Kf2
f6 33. Rd1 Kg7 34. Rd6 g5 35. Rb6 g4 36. fxg4 Bxg4 37. Rbxb7 Rxb7 38. Rxb7+ Kg6
39. b4 Bf5 40. b5 Be4 41. Rc7 h5 42. b6 Kg5 43. b7 Bxb7 44. Rxb7 Kg4 45. Kg2
{Black resigns} 1-0

[Event "Team 45 45 League T38"]
[Site "Internet Chess Club"]
[Date "2008.08.03"]
[Round "2"]
[White "wekabird"]
[Black "forsyth"]
[Result "0-1"]
[WhiteElo "1246"]
[BlackElo "1414"]
[Opening "English opening"]
[ECO "A22"]
[Time "20:00:08"]
[TimeControl "2700+45"]

1. c4 Nf6 2. Nc3 e5 3. e4 Bb4 4. d3 O-O 5. a3 Bxc3+ 6. bxc3 d6 7. h3 Nc6 8. Nf3
Re8 9. g3 b6 10. Bg2 Qd7 11. O-O Bb7 12. Bg5 Qe6 13. Re1 h6 14. Bc1 Ne7 15. a4
a5 16. Ba3 Ng6 17. Bc1 Rad8 18. Rb1 Bc6 19. Qb3 Qd7 20. Ra1 Nh5 21. g4 Nhf4 22.
Bxf4 Nxf4 23. Qc2 Re6 24. d4 exd4 25. Nxd4 Re5 26. Nxc6 Qxc6 27. f3 h5 28. Qd2
g5 29. Qd4 Qc5 30. Qxc5 Rxc5 31. Bf1 hxg4 32. hxg4 Kg7 33. Rad1 Kf6 34. Rd2 Rh8
35. Rh2 Rh4 36. Rxh4 gxh4 37. Kf2 h3 38. Be2 Nxe2 39. Kxe2 Rxc4 40. Kd2 Rxa4 41.
Rh1 Ra2+ 42. Kd3 h2 43. Ke3 Kg5 44. c4 a4 45. Kd3 a3 46. Kc3 Rf2 47. Kb3 a2 48.
Ra1 Kf4 49. Ka3 Kxf3 50. Rxa2 Rxa2+ 51. Kxa2 h1=Q 52. Kb3 Kxe4 53. Kb4 Qe1+ 54.
Kb5 Kf4 55. Kc6 Qe7 56. Kd5 Kxg4 {White resigns} 0-1

[Event "Team 45 45 League T38"]
[Site "Internet Chess Club"]
[Date "2008.08.02"]
[Round "2"]
[White "reverendjim"]
[Black "guyd52"]
[Result "1-0"]
[WhiteElo "1194"]
[BlackElo "1254"]
[Opening "Pirc: classical system, 5.Be2"]
[ECO "B08"]
[Time "08:00:55"]
[TimeControl "2700+45"]

1. e4 d6 2. d4 Nf6 3. Nc3 g6 4. Nf3 Bg7 5. Be2 O-O 6. O-O Nbd7 7. e5 dxe5 8.
Nxe5 c6 9. Bf4 Nd5 10. Nxd5 cxd5 11. c3 f6 12. Ng4 e5 13. dxe5 fxe5 14. Bh6 Nf6
15. Bxg7 Kxg7 16. Nxe5 Qd6 17. Qd4 h5 18. f4 Kh6 19. g3 b6 20. Bd3 g5 21. fxg5+
Kxg5 22. Qf4# {Black checkmated} 1-0

[Event "Team 45 45 League T38"]
[Site "Internet Chess Club"]
[Date "2008.08.03"]
[Round "2"]
[White "Glassywoman"]
[Black "jazzyrick"]
[Result "0-1"]
[WhiteElo "1503"]
[BlackElo "1501"]
[Opening "Sicilian defense"]
[ECO "B20"]
[Time "20:00:07"]
[TimeControl "2700+45"]

1. e4 c5 2. d3 d6 3. Nf3 Nc6 4. Be3 Nf6 5. h3 e6 6. Be2 Be7 7. O-O Qc7 8. Nc3 a6
9. a3 b5 10. b3 O-O 11. Na2 d5 12. b4 cxb4 13. Nxb4 Nxb4 14. axb4 Bxb4 15. e5
Nd7 16. d4 Nb6 17. Bxb5 axb5 18. Rxa8 Nxa8 19. Qb1 Qa5 20. Ng5 Bc3 21. Qd1 h6
22. Qg4 f5 23. exf6 Rxf6 24. Nf3 Qd8 25. Ne5 Qe8 26. Qg3 b4 27. Ng4 Rg6 28. h4
h5 29. Qb8 Bd7 30. Qxe8+ Bxe8 31. Ne5 Rf6 32. Bg5 Rf5 33. Rd1 Bb5 34. Ng6 Kf7
35. Ne5+ Rxe5 36. dxe5 Bxe5 37. Be3 Nc7 38. f3 Bf6 39. g4 Be2 40. Rb1 Bc3 41. g5
Nb5 42. Kf2 Bc4 43. Bc5 Na3 44. Rg1 Nxc2 45. g6+ Kf6 46. Rg5 b3 47. Bd6 b2
{White resigns} 0-1

[Event "Team 45 45 League T38"]
[Site "Internet Chess Club"]
[Date "2008.07.30"]
[Round "2"]
[White "Conjurer"]
[Black "ticopatzer"]
[Result "0-1"]
[WhiteElo "1371"]
[BlackElo "1432"]
[Opening "English: four knights, kingside fianchetto"]
[ECO "A29"]
[Time "21:01:11"]
[TimeControl "2700+45"]

1. c4 e5 2. Nc3 Nf6 3. Nf3 Nc6 4. g3 Bb4 5. Bg2 O-O 6. O-O Bxc3 7. bxc3 d6 8. d4
Re8 9. Bg5 h6 10. Be3 Ng4 11. Bd2 e4 12. Ne1 Qe7 13. d5 Na5 14. Qa4 b6 15. e3
Ba6 16. Nc2 Bxc4 17. Rfe1 Bxd5 18. Nd4 Nc4 19. Re2 c5 20. Nc6 Qb7 21. h3 Nf6 22.
f3 Qxc6 23. Qxc6 Bxc6 24. fxe4 Bxe4 25. Rf2 Bxg2 26. Kxg2 Nxe3+ 27. Bxe3 Rxe3
28. Rd1 Rd8 29. c4 d5 30. a4 d4 31. Rfd2 Ne4 32. Rd3 Rxd3 33. Rxd3 f5 34. Kf3
Nc3 35. Rd2 Nxa4 36. Ra2 Nc3 37. Rxa7 d3 38. Ra3 d2 {White resigns} 0-1

[Event "Team 45 45 League T38"]
[Site "Internet Chess Club"]
[Date "2008.08.01"]
[Round "2"]
[White "rgadoury"]
[Black "Just-Jim"]
[Result "0-1"]
[WhiteElo "1284"]
[BlackElo "1466"]
[Opening "Danish gambit"]
[ECO "C21"]
[Time "19:00:59"]
[TimeControl "2700+45"]

1. e4 e5 2. d4 exd4 3. c3 dxc3 4. Bc4 cxb2 5. Bxb2 Nc6 6. Nf3 d6 7. O-O a6 8.
Nc3 Bd7 9. Re1 Nge7 10. Ng5 Ne5 11. Bb3 N7g6 12. Nf3 Nxf3+ 13. gxf3 Qg5+ 14. Kh1
Nh4 15. Rg1 Qh5 16. Rg3 O-O-O 17. Qd3 Ng6 18. Ne2 Be7 19. Bxf7 Bf6 20. Bxf6 gxf6
21. Ng1 Rdf8 22. Bxg6 hxg6 23. h3 f5 24. Re1 f4 25. Qd5 fxg3 26. fxg3 Qxd5 27.
exd5 {White resigns} 0-1

[Event "Team 45 45 League T38"]
[Site "Internet Chess Club"]
[Date "2008.07.31"]
[Round "2"]
[White "Traho"]
[Black "JustinZ"]
[Result "0-1"]
[WhiteElo "1241"]
[BlackElo "1230"]
[Opening "Réti opening"]
[ECO "A05"]
[Time "18:59:33"]
[TimeControl "2700+45"]

1. Nf3 Nf6 2. g3 e6 3. Bg2 d5 4. O-O Be7 5. d3 c6 6. Nbd2 O-O 7. b3 Nbd7 8. Bb2
b6 9. Nd4 Bb7 10. c4 c5 11. Nb5 a6 12. Nc3 d4 13. Bxb7 dxc3 14. Bxa8 cxb2 15.
Rb1 Qxa8 16. Rxb2 Ng4 17. h3 Ndf6 18. hxg4 Nxg4 19. e3 f5 20. Qf3 Qb8 21. Qc6
Rf6 22. Qg2 Rh6 23. Nf3 e5 24. Re2 e4 25. dxe4 fxe4 26. Nh4 Bxh4 27. gxh4 Rxh4
28. Qxe4 Qh2# {White checkmated} 0-1

[Event "Team 45 45 League T38"]
[Site "Internet Chess Club"]
[Date "2008.08.01"]
[Round "2"]
[White "Sleete"]
[Black "viking99"]
[Result "1-0"]
[WhiteElo "2119"]
[BlackElo "1781"]
[Opening "French: Burn variation"]
[ECO "C11"]
[Time "18:02:07"]
[TimeControl "2700+45"]

1. e4 e6 2. d4 d5 3. Nc3 Nf6 4. Bg5 dxe4 5. Nxe4 Be7 6. Bxf6 Bxf6 7. Nf3 O-O 8.
Qd2 Nd7 9. O-O-O b6 10. Qf4 Bb7 11. Bd3 Be7 12. Rhe1 Nf6 13. Nxf6+ Bxf6 14. Be4
Bd5 15. Bxd5 Qxd5 16. Kb1 c5 17. dxc5 Qxc5 18. Qe3 Qb5 19. Ne5 Rfd8 20. f4 Rac8
21. Qe4 Bxe5 22. fxe5 a5 23. Rd6 Rd7 24. a4 {Black forfeits on time} 1-0

[Event "Team 45 45 League T38"]
[Site "Internet Chess Club"]
[Date "2008.08.02"]
[Round "2"]
[White "mickeys"]
[Black "Mikey29a"]
[Result "1-0"]
[WhiteElo "1861"]
[BlackElo "1726"]
[Opening "King's Indian, 3.Nf3"]
[ECO "E60"]
[Time "16:00:41"]
[TimeControl "2700+45"]

1. d4 Nf6 2. Nf3 g6 3. c4 c5 4. d5 e6 5. dxe6 dxe6 6. Qxd8+ Kxd8 7. Nc3 a6 8.
Bg5 Be7 9. Rd1+ Ke8 10. e3 h6 11. Bf4 Nc6 12. Be2 Nh5 13. Bc7 Nf6 14. O-O Bd7
15. Rd2 Rc8 16. Bg3 Nh5 17. Bd6 Bxd6 18. Rxd6 Ke7 19. Rfd1 Be8 20. R6d2 Nf6 21.
e4 Rd8 22. Rxd8 Nxd8 23. Ne5 Nc6 24. Nd3 b6 25. e5 Nd7 26. f4 Nd4 27. Kf2 b5 28.
Bf1 bxc4 29. Nxc5 Nxc5 30. Rxd4 Bb5 31. Bxc4 Bxc4 32. Rxc4 Nd3+ 33. Ke3 Nxb2 34.
Rc7+ Kf8 35. Ne4 Kg7 36. Nd6 Rf8 37. Ra7 Nd1+ 38. Kd2 Nf2 39. Ke2 Nh1 40. Rb7
{Black resigns} 1-0

[Event "Team 45 45 League T38"]
[Site "Internet Chess Club"]
[Date "2008.08.03"]
[Round "2"]
[White "AntonioMendonca"]
[Black "cityprosecutor"]
[Result "1-0"]
[WhiteElo "1721"]
[BlackElo "1795"]
[Opening "English opening"]
[ECO "A10"]
[Time "18:18:42"]
[TimeControl "2700+45"]

1. c4 d6 2. Nf3 e5 3. Nc3 f5 4. d3 Nf6 5. g3 Be7 6. Bg2 Nc6 7. O-O O-O 8. Qb3
Kh8 9. Bd2 Rb8 10. a3 Be6 11. Qc2 d5 12. cxd5 Nxd5 13. Nxd5 Bxd5 14. Bc3 e4 15.
dxe4 Bxe4 16. Qb3 Bf6 17. Rad1 Qe7 18. Bxf6 Rxf6 19. Rd2 Rd6 20. Rxd6 cxd6 21.
Rd1 Ne5 22. Nd4 Bxg2 23. Kxg2 Ng4 24. h3 Nf6 25. Nxf5 Qxe2 26. Nxd6 h6 27. Rc1
Qd2 28. Rc8+ Rxc8 29. Nxc8 Qd7 30. Nxa7 b6 31. Nb5 Qc6+ 32. f3 Qe8 33. Nc3 Qd7
34. Qxb6 Qe7 35. Kf2 Nd7 36. Qe3 Qf7 37. Ne4 Qe6 38. g4 Qa2 39. Qd4 Nf8 40. Kg3
Qb1 41. b4 Qc1 42. a4 Ne6 43. Qb6 Qf4+ 44. Kg2 Qe5 45. b5 Nf4+ 46. Kh1 Qa1+ 47.
Kh2 Qxa4 48. Qb8+ {Black resigns} 1-0

[Event "Team 45 45 League T38"]
[Site "Internet Chess Club"]
[Date "2008.08.03"]
[Round "2"]
[White "vollmerj"]
[Black "allanchs"]
[Result "1/2-1/2"]
[WhiteElo "1738"]
[BlackElo "1547"]
[Opening "Giuoco Piano"]
[ECO "C50"]
[Time "08:08:09"]
[TimeControl "2700+45"]

1. e4 e5 2. Nf3 Nc6 3. Bc4 Bc5 4. d4 exd4 5. O-O Nge7 6. c3 d5 7. exd5 Nxd5 8.
cxd4 Be7 9. Nc3 Be6 10. Ne5 Nxc3 11. bxc3 Nxe5 12. Bxe6 Ng6 13. Bb3 O-O 14. Re1
Bd6 15. Qf3 c6 16. Bd2 Qc7 17. g3 Rae8 18. Re2 Re7 19. Rxe7 Qxe7 20. Re1 Qd7 21.
Kg2 Re8 22. Rxe8+ Qxe8 23. Qe3 Qxe3 24. Bxe3 Kf8 25. d5 cxd5 26. Bxd5 b6 27. a4
Ne5 28. a5 bxa5 29. Bxa7 a4 30. c4 a3 31. c5 Bc7 32. Bb6 Bxb6 33. cxb6 Nc6 34.
Kf1 Ke7 35. Ke1 Kd6 36. Bxf7 Kc5 37. Kd1 Kxb6 38. Kc1 Ka5 39. Kb1 Kb4 40. Ka2
Nd4 41. Bg8 h6 42. f4 Ne2 43. Bf7 Nc3+ 44. Ka1 Ne2 45. Ka2 Nc3+ 46. Ka1 Ne2 47.
Kb1 Nc3+ 48. Ka1 Ne2 49. f5 Nc3 50. h4 Ne2 51. g4 Nd4 52. Ka2 Nf3 53. h5 Ne5 54.
Be6 Nxg4 55. Bf7 Ne5 56. Be6 Nf3 57. Bf7 Nd4 58. Be6 Ne2 59. Bf7 Ng3 60. Bg6 Ne2
61. Bf7 Nc3+ 62. Ka1 Kc5 63. Be6 Kd6 64. Bg8 Ke5 65. Be6 Kf4 66. Bd7 Kg5 67. Be6
Kxh5 68. Bf7+ Kg5 69. Bg6 h5 70. f6 gxf6 71. Bxh5 f5 72. Bf3 f4 73. Bg4 Nb5 74.
Bf3 Kh4 75. Ka2 Kg3 76. Bc6 f3 77. Bxb5 {Game drawn by mutual agreement} 1/2-1/2

[Event "Team 45 45 League T38"]
[Site "Internet Chess Club"]
[Date "2008.08.04"]
[Round "2"]
[White "fledermaus"]
[Black "Klampin"]
[Result "1-0"]
[WhiteElo "2063"]
[BlackElo "1989"]
[Opening "QGD Slav: Dutch variation"]
[ECO "D18"]
[Time "14:01:19"]
[TimeControl "2700+45"]

1. d4 c6 2. c4 d5 3. Nf3 Nf6 4. Nc3 dxc4 5. a4 Bf5 6. e3 e6 7. Bxc4 Bb4 8. O-O
Nbd7 9. Qe2 O-O 10. e4 Bg6 11. Bd3 Bh5 12. e5 Nd5 13. Nxd5 cxd5 14. Qe3 h6 15.
Ne1 f5 16. Nc2 Be7 17. f4 a5 18. Bd2 Rc8 19. Qe1 b6 20. Ne3 Nb8 21. h3 Nc6 22.
g4 fxg4 23. hxg4 Nb4 24. Bb1 Be8 25. Qe2 Qd7 26. f5 Rc7 27. Bxb4 Bxb4 28. Qd3
Qe7 29. Bc2 Qh4 30. fxe6 Rxf1+ 31. Rxf1 Qg3+ 32. Ng2 Qxd3 33. Bxd3 Bxa4 34. Ne3
Bb3 35. Bg6 Be7 36. Rf7 Rc1+ 37. Kg2 Bg5 38. e7 Rc8 39. Nf5 Ba4 40. Nd6 Rb8 41.
Rf8+ Rxf8 42. Bh7+ {Black resigns} 1-0

[Event "Team 45 45 League T38"]
[Site "Internet Chess Club"]
[Date "2008.08.03"]
[Round "2"]
[White "vaknight"]
[Black "mfeatherston"]
[Result "0-1"]
[WhiteElo "1560"]
[BlackElo "1836"]
[Opening "Bird's opening"]
[ECO "A02"]
[Time "16:00:09"]
[TimeControl "2700+45"]

1. f4 g6 2. Nf3 d5 3. e3 Bg7 4. d4 Nh6 5. Be2 O-O 6. O-O Nf5 7. c3 Nd6 8. Qe1
Nd7 9. Nbd2 Nf6 10. Ne5 h6 11. h3 Bf5 12. g4 Bd7 13. Kh2 Rc8 14. Bd3 c5 15. Rg1
Nfe4 16. Nxd7 Qxd7 17. Nf3 b6 18. Rg2 Kh8 19. Bd2 a5 20. Qh4 Kg8 21. Rf1 a4 22.
a3 b5 23. Ne5 Qb7 24. Bc1 e6 25. Qe1 Rc7 26. h4 Rb8 27. h5 g5 28. fxg5 hxg5 29.
Qe2 Bxe5+ 30. dxe5 Nc4 31. Bxe4 dxe4 32. Rf6 Nxe5 33. Rgf2 Nf3+ 34. R2xf3 exf3
35. Rxf3 Qe4 36. Qg2 b4 37. axb4 cxb4 38. Bd2 a3 39. bxa3 bxa3 40. Rf2 Qxg2+ 41.
Kxg2 a2 {White resigns} 0-1

[Event "Team 45 45 League T38"]
[Site "Internet Chess Club"]
[Date "2008.08.04"]
[Round "2"]
[White "bmw2002"]
[Black "knight2f3"]
[Result "0-1"]
[WhiteElo "1581"]
[BlackElo "1450"]
[Opening "English: symmetrical variation"]
[ECO "A30"]
[Time "05:22:20"]
[TimeControl "2700+45"]

1. c4 c5 2. g3 Nf6 3. Bg2 e6 4. d3 d6 5. e4 Nbd7 6. Ne2 Rb8 7. O-O Be7 8. Nbc3
O-O 9. Bd2 a6 10. f4 Qc7 11. Rc1 b6 12. f5 Bb7 13. Nf4 exf5 14. Nfd5 Nxd5 15.
Nxd5 Qd8 16. Rxf5 Ne5 17. Bc3 Bg5 18. Rc2 Bxd5 19. exd5 Be3+ 20. Kh1 Bd4 21.
Bxd4 cxd4 22. Rcf2 b5 23. b3 bxc4 24. dxc4 Rb4 25. Qxd4 a5 26. Qc3 Re8 27. a3
Rb7 28. b4 axb4 29. axb4 Rbe7 30. Qd4 Qd7 31. Rd2 Qxf5 32. c5 Nf3 33. Bxf3 Qxf3+
{White resigns} 0-1

[Event "Team 45 45 League T38"]
[Site "Internet Chess Club"]
[Date "2008.08.07"]
[Round "2"]
[White "NXS"]
[Black "sra66"]
[Result "1/2-1/2"]
[WhiteElo "1435"]
[BlackElo "1576"]
[Opening "Torre attack (Tartakower variation)"]
[ECO "D03"]
[Time "18:09:48"]
[TimeControl "2700+45"]

1. d4 d5 2. Nf3 Nf6 3. Bg5 e6 4. Nbd2 c5 5. e3 Nc6 6. c4 cxd4 7. Nxd4 Nxd4 8.
exd4 Be7 9. Nf3 Bb4+ 10. Nd2 dxc4 11. Qa4+ Qd7 12. Qxb4 Qxd4 13. Qxc4 Qxb2 14.
Bxf6 gxf6 15. Qb5+ Qxb5 16. Bxb5+ Bd7 17. Bxd7+ Kxd7 18. O-O Rac8 19. Rac1 Rhd8
20. Ne4 Ke7 21. h3 f5 22. Ng5 h6 23. Nf3 Kf6 24. Rfd1 b5 25. Rxd8 Rxc1+ 26. Kh2
b4 27. Kg3 a5 28. Ra8 Ra1 29. Rxa5 b3 30. Rb5 bxa2 31. Rb2 Ke7 32. Ne5 Re1 33.
Nc6+ Kd6 34. Rxa2 Kxc6 35. Ra7 f6 36. Rf7 Kd5 37. Rxf6 h5 38. Rh6 e5 39. Rxh5
f4+ 40. Kf3 Rd1 41. Rh8 Ke6 42. Rh6+ Kf5 43. Rh5+ Kf6 44. g4 fxg3 45. Kxg3 Rd3+
46. Kg2 e4 47. Rh4 Kf5 48. Rg4 Rd2 49. Rg3 Kf4 50. Rg4+ Kf5 51. Rg3 Kf4 52. Rg4+
Kf5 53. Rg3 Kf4 54. Rg4+ {Game drawn by repetition} 1/2-1/2

[Event "Team 45 45 League T38"]
[Site "Internet Chess Club"]
[Date "2008.08.02"]
[Round "2"]
[White "cesaralexander"]
[Black "nissehult"]
[Result "1-0"]
[WhiteElo "1976"]
[BlackElo "2028"]
[Opening "Benkö gambit half accepted"]
[ECO "A57"]
[Time "10:36:04"]
[TimeControl "2700+45"]

1. d4 Nf6 2. c4 c5 3. d5 b5 4. cxb5 a6 5. b6 d6 6. Nc3 g6 7. e4 Bg7 8. Nf3 Nbd7
9. Be2 Nxb6 10. O-O O-O 11. Nd2 Nfd7 12. a4 a5 13. f4 Ba6 14. Bxa6 Rxa6 15. Nf3
Qb8 16. Qe2 Ra8 17. Be3 Nc8 18. Nb5 Na7 19. Nc3 Qb4 20. Qc2 Rfb8 21. Rfb1 Nb6
22. Nd2 Nc4 23. Nxc4 Qxc4 24. Bd2 Rb4 25. b3 Qd4+ 26. Kf1 c4 27. Ra3 Rab8 28.
Ne2 cxb3 29. Raxb3 Rxb3 30. Rxb3 Qa1+ 31. Kf2 Rc8 32. Qd3 Qxa4 33. Rb7 Ra8 34.
Qa6 Qxe4 35. Rxa7 Rxa7 36. Qxa7 Qxd5 37. Qxa5 Qe4 38. Qd8+ Bf8 39. Be3 d5 40.
Nc3 Qc2+ 41. Ne2 Qe4 42. Qc8 Kg7 43. Bd4+ f6 44. Qc1 e5 45. fxe5 fxe5 46. Qc7+
Kf6 47. Qd8+ Be7 48. Qh8+ Ke6 49. Qg8+ Kd6 50. Qb8+ Ke6 51. Qb6+ Kf7 52. Be3 d4
53. Qb3+ Kg7 54. Bc1 d3 55. Ng3 Bc5+ 56. Kf1 Qd4 57. Qb7+ Kf6 58. Ne4+ Kf5 59.
Qf7+ {Black resigns} 1-0

[Event "Team 45 45 League T38"]
[Site "Internet Chess Club"]
[Date "2008.08.03"]
[Round "2"]
[White "Intelectual"]
[Black "primerpaso"]
[Result "0-1"]
[WhiteElo "1906"]
[BlackElo "1898"]
[Opening "Sicilian: Najdorf, Byrne (English) attack"]
[ECO "B90"]
[Time "18:31:41"]
[TimeControl "2700+45"]

1. e4 c5 2. Nf3 d6 3. d4 cxd4 4. Nxd4 Nf6 5. Nc3 a6 6. Be3 e5 7. Nb3 Be6 8. Be2
Nbd7 9. O-O Rc8 10. f3 Be7 11. Qe1 O-O 12. Qf2 d5 13. exd5 Nxd5 14. Nxd5 Bxd5
15. Rfd1 Be6 16. Rd2 Qc7 17. Rad1 Rfd8 18. Kh1 Kf8 19. h3 h6 20. f4 Bxb3 21.
axb3 g6 22. fxe5 Nxe5 23. Bxh6+ Kg8 24. Bf4 Rxd2 25. Rxd2 Bf6 26. Bg3 Qe7 27.
Bd1 Nc6 28. Bg4 Re8 29. Re2 Be5 30. Bxe5 Nxe5 31. Qf4 Kg7 32. Bf3 f6 33. Bd5 Qd7
34. c4 Re7 35. Rd2 Qc7 36. Rf2 f5 37. Re2 Nf7 38. Qd4+ Ne5 39. Bxb7 a5 40. Bd5
Qd6 41. c5 Qf6 42. b4 axb4 43. Qxb4 Qa6 44. Re1 Qd3 45. Ba2 Qg3 46. Re2 Kh6 47.
Qd2+ f4 48. Re4 Nf3 49. gxf3 Qxf3+ 50. Qg2 Qxe4 51. Qxe4 Rxe4 52. Bd5 Re5 53. c6
Rxd5 54. b4 Kg5 {White resigns} 0-1

[Event "Team 45 45 League T38"]
[Site "Internet Chess Club"]
[Date "2008.08.03"]
[Round "2"]
[White "Avedldesierto"]
[Black "frank001"]
[Result "1/2-1/2"]
[WhiteElo "1827"]
[BlackElo "1714"]
[Opening "Benoni: four pawns attack, main line"]
[ECO "A69"]
[Time "21:02:39"]
[TimeControl "2700+45"]

1. d4 Nf6 2. c4 c5 3. d5 e6 4. Nc3 exd5 5. cxd5 d6 6. e4 g6 7. f4 Bg7 8. Nf3 O-O
9. Be2 Re8 10. e5 dxe5 11. fxe5 Ng4 12. Bg5 Qb6 13. O-O Nxe5 14. d6 Qxb2 15. Nd5
Bf5 16. Ne7+ Rxe7 17. dxe7 Nbc6 18. Rc1 Re8 19. Nxe5 {Game drawn by mutual
agreement} 1/2-1/2